 Dungeon Sprint DCSS version 0.17.1-3-g152610e (webtiles) character file.

1992 Groucho the Jinx (level 9, -3/47 HPs)
             Began as a Spriggan Enchanter on Apr 26, 2016.
             Was a High Priest of Dithmenos.
             Killed from afar by a vampire mage (34 damage)
             ... with a bolt of negative energy
             ... in the Dungeon (Sprint VII: "The Pits").
             The game lasted 00:10:33 (2778 turns).

Groucho the Jinx (Spriggan Enchanter)               Turns: 2778, Time: 00:10:33

Health: -3/47      AC:  3    Str:  5    XL:     9   Next: 1%
Magic:  20/25      EV: 29    Int: 23    God:    Dithmenos [*****.]
Gold:   0          SH:  0    Dex: 20    Spells: 5 memorised, 18 levels left

rFire  . . .     SeeInvis +     v - +2 rapier (venom)
rCold  . . .     Clarity  .     b - +1 robe
rNeg   . . .     SustAt   .     (shield restricted)
rPois  .         Gourm    .     (helmet restricted)
rElec  .         Spirit   .     (no cloak)
rCorr  .         Warding  .     (gloves unavailable)
rMut   .         NoTele   +     (boots unavailable)
MR     +....                    (no amulet)
Stlth  +++++++++.               s - +3 ring of dexterity
                                r - +3 ring of evasion

@: brilliant, slowed, wreathed by umbra, drained, quick, somewhat resistant to
hostile enchantments, incredibly stealthy
A: unfitting armour, see invisible, herbivore 3, speed 3, slow metabolism 2
a: Shadow Step, Shadow Form, Renounce Religion


You were in the Dungeon.
You worshipped Dithmenos.
Dithmenos was extremely pleased with you.
You were full.

You visited 1 branch

Inventory:

Hand Weapons
 f - a +1 dagger of electrocution
 i - a +2 dagger
 v - a +2 rapier of venom (weapon)
Missiles
 p - 14 stones (quivered)
Armour
 b - a +1 robe (worn)
Jewellery
 r - a +3 ring of evasion (left hand)
 s - a +3 ring of dexterity (right hand)
Scrolls
 j - a scroll of blinking
 m - 3 scrolls of remove curse
 n - 5 scrolls of amnesia
 o - a scroll of summoning
Potions
 e - 8 potions of curing
 g - a potion of haste
 h - 2 potions of magic
 k - 2 potions of berserk rage
 l - 2 potions of invisibility
 q - 11 potions of heal wounds
 u - a potion of agility
Books
 c - a book of Maledictions

   Spells                             Type                      Level
   a - Corona                         Hexes                        1
   b - Ensorcelled Hibernation        Hexes/Ice                    2
   c - Confuse                        Hexes                        3
   d - Tukima's Dance                 Hexes                        3
   e - Dazzling Spray                 Conjuration/Hexes            3
Comestibles
 a - 40 fruits
 d - 7 bread rations


   Skills:
 * Level 5.2(4.5) Fighting
 * Level 7.3(6.6) Short Blades
 * Level 9.7(8.9) Dodging
 + Level 11.4(10.6) Stealth
 * Level 11.4(10.6) Spellcasting
 + Level 3.8(3.2) Conjurations
 * Level 11.9(11.1) Hexes
 + Level 4.3(3.7) Ice Magic


You had 18 spell levels left.
You knew the following spells:

 Your Spells              Type           Power        Failure   Level  Hunger
a - Corona                Hex            ######.      1%          1    None
b - Ensorcelled Hibernat  Hex/Ice        ######       1%          2    None
c - Confuse               Hex            ######..     1%          3    None
d - Dazzling Spray        Conj/Hex       ######..     1%          3    None
e - Tukima's Dance        Hex            ######..     1%          3    None


Dungeon Overview and Level Annotations

Branches:
Dungeon (1/1)

Altars:
Ashenzari
Cheibriados
Dithmenos
Elyvilon
Fedhas
Gozag
Kikubaaqudgha
Makhleb
Nemelex Xobeh
Okawaru
Qazlal
Ru
Sif Muna
Trog
Vehumet
Xom
Yredelemnul
Zin
The Shining One
Beogh
Jiyva
Lugonu


Innate Abilities, Weirdness & Mutations

You are tiny and cannot use many weapons and most armour.
You have supernaturally acute eyesight.
You are a herbivore.
You cover ground extremely quickly.
You need consume almost no food.


Message History

The vampire mage misses you. The vampire mage barely misses you.
The spectral bat completely misses you.
The freezing wraith completely misses you. x2
The flying skull misses you.
The vampire mage mumbles some strange words.
The vampire mage flickers and vanishes for a moment.
Casting: Confuse
Confirm with . or Enter, or press ? or * to list all spells.
Aiming: Confuse
Press: ? - help, Shift-Dir - straight line, f/p - vampire mage
Aim: a vampire mage, wearing a robe (slightly transparent, umbra, chance to defeat MR: 30%)
The vampire mage easily resists.
The spectral bat completely misses you. The spectral bat completely misses you.
The spectral bat closely misses you. The flying skull misses you.
The spectral bat completely misses you.
The freezing wraith completely misses you.
The freezing wraith closely misses you. The vampire mage casts a spell at you.
The bolt of negative energy hits you!
You feel drained.
Ouch! That really hurt!
You die...

__# __#
#############++######
%.##................#
?|##......#..#......#
####................+
...+..).............+
####......#..#.WZz..#
..##........†..V@...#
).#####+#####''######
))##.......##''#
))##.......##..#
[[##.......##..#
'###...<...##..#
..##.......##..#
..##.......##.V#
####.......##..'....b#


You could see a vampire mage (invisible), a freezing wraith, a spectral bat and
a flying skull.

Vanquished Creatures
  An unseen horror (D)
  A basilisk (D)
  A steam dragon (D)
  A warg (D)
  A mottled dragon (D)
  Purgy (D)
  A black bear (D)
  2 orc warriors (D)
  Blork the orc (D)
  A giant frog (D)
  A brain worm (D)
  6 killer bees (D)
  An orc priest (D)
  3 worker ants (D)
  An orc wizard (D)
  A gnoll (D)
  An adder (D)
  A river rat (D)
  An ooze (D)
  3 orcs (D)
  A ball python (D)
  A giant gecko zombie (D)
  A kobold (D)
33 creatures vanquished.

Notes
Turn   | Place    | Note
--------------------------------------------------------------
     0 | D        | Groucho the Spriggan Enchanter began the quest for the Orb.
     0 | D        | Reached XP level 1. HP: 9/9 MP: 5/5
    12 | D        | Noticed a worker ant
    22 | D        | Killed a worker ant
    22 | D        | Reached skill level 6 in Stealth
    22 | D        | Reached skill level 5 in Hexes
    22 | D        | Reached XP level 2. HP: 4/13 MP: 6/8
   571 | D        | Found a sacrificial altar of Ru.
   571 | D        | Found a basalt altar of Yredelemnul.
   571 | D        | Found a shadowy altar of Dithmenos.
   571 | D        | Found a deep blue altar of Sif Muna.
   571 | D        | Found a burning altar of Makhleb.
   571 | D        | Found a shimmering altar of Xom.
   571 | D        | Found an ancient bone altar of Kikubaaqudgha.
   571 | D        | Found a sparkling altar of Nemelex Xobeh.
   572 | D        | Found a glowing golden altar of the Shining One.
   572 | D        | Found a bloodstained altar of Trog.
   572 | D        | Found a shattered altar of Ashenzari.
   572 | D        | Found a white marble altar of Elyvilon.
   572 | D        | Found a snail-covered altar of Cheibriados.
   572 | D        | Found a blossoming altar of Fedhas.
   572 | D        | Found a radiant altar of Vehumet.
   572 | D        | Found a glowing silver altar of Zin.
   572 | D        | Found a corrupted altar of Lugonu.
   572 | D        | Found a viscous altar of Jiyva.
   572 | D        | Found a roughly hewn altar of Beogh.
   572 | D        | Found an iron altar of Okawaru.
   575 | D        | Became a worshipper of Dithmenos the Shadowed
   579 | D        | Found a stormy altar of Qazlal.
   579 | D        | Found an opulent altar of Gozag.
   593 | D        | Reached XP level 3. HP: 16/16 MP: 10/10
   600 | D        | Learned a level 2 spell: Ensorcelled Hibernation
   604 | D        | Learned a level 3 spell: Confuse
   608 | D        | Learned a level 3 spell: Dazzling Spray
   823 | D        | Noticed a worker ant
   848 | D        | Killed a worker ant
   848 | D        | Reached * piety under Dithmenos
   848 | D        | Reached skill level 1 in Fighting
   848 | D        | Reached skill level 7 in Stealth
   848 | D        | Reached skill level 5 in Spellcasting
   859 | D        | Reached XP level 4. HP: 19/22 MP: 0/12
  1055 | D        | Learned a level 3 spell: Tukima's Dance
  1177 | D        | Noticed a brain worm
  1205 | D        | Reached ** piety under Dithmenos
  1212 | D        | Killed a brain worm
  1212 | D        | Reached skill level 5 in Dodging
  1212 | D        | Reached XP level 5. HP: 24/26 MP: 2/15
  1366 | D        | Noticed an orc wizard
  1366 | D        | Noticed Blork the orc
  1368 | D        | Noticed a giant frog
  1368 | D        | Noticed an orc warrior
  1391 | D        | Killed an orc wizard
  1391 | D        | Reached skill level 8 in Stealth
  1402 | D        | Killed an orc warrior
  1402 | D        | Reached *** piety under Dithmenos
  1402 | D        | Reached skill level 1 in Conjurations
  1402 | D        | Reached skill level 1 in Ice Magic
  1682 | D        | Noticed Purgy
  1684 | D        | Killed Purgy
  1684 | D        | Reached skill level 9 in Stealth
  1684 | D        | Reached XP level 6. HP: 30/32 MP: 15/18
  1714 | D        | Noticed a black bear
  1719 | D        | Killed a giant frog
  1721 | D        | Killed Blork the orc
  1721 | D        | Reached **** piety under Dithmenos
  1724 | D        | Killed a black bear
  1724 | D        | Reached skill level 5 in Short Blades
  1724 | D        | Reached XP level 7. HP: 33/36 MP: 7/20
  1735 | D        | Noticed a worker ant
  1737 | D        | Killed a worker ant
  1904 | D        | Noticed an unseen horror
  1906 | D        | Killed an unseen horror
  1906 | D        | Reached skill level 10 in Stealth
  1906 | D        | Reached skill level 10 in Spellcasting
  1906 | D        | Reached skill level 10 in Hexes
  1906 | D        | Reached XP level 8. HP: 40/42 MP: 21/23
  1917 | D        | Noticed an orc warrior
  1917 | D        | Noticed an orc priest
  1919 | D        | Killed an orc priest
  1921 | D        | Reached ***** piety under Dithmenos
  1927 | D        | Killed an orc warrior
  1927 | D        | Reached skill level 11 in Hexes
  1978 | D        | Noticed a warg
  1978 | D        | Noticed a basilisk
  1979 | D        | Noticed a mottled dragon
  1981 | D        | Killed a basilisk
  1985 | D        | Killed a mottled dragon
  1987 | D        | Killed a warg
  2480 | D        | Noticed a killer bee
  2482 | D        | Noticed a killer bee
  2483 | D        | Noticed a killer bee
  2483 | D        | Noticed a killer bee
  2504 | D        | Killed a killer bee
  2510 | D        | Noticed a killer bee
  2510 | D        | Noticed a killer bee
  2511 | D        | Killed a killer bee
  2511 | D        | Reached skill level 5 in Fighting
  2513 | D        | Killed a killer bee
  2517 | D        | Killed a killer bee
  2520 | D        | Killed a killer bee
  2659 | D        | Killed a killer bee
  2726 | D        | Noticed a steam dragon
  2728 | D        | Killed a steam dragon
  2728 | D        | Reached XP level 9. HP: 47/47 MP: 22/25
  2750 | D        | Noticed a vampire mage
  2750 | D        | Noticed a fire bat
  2750 | D        | Noticed a death yak
  2778 | D        | Killed from afar by a vampire mage

Action                   |  1- 3 |  4- 6 |  7- 9 || total
-------------------------+-------+-------+-------++-------
Melee: Dagger            |    16 |    12 |    12 ||    40
       Rapier            |       |       |     7 ||     7
Throw: Stone             |       |     6 |     1 ||     7
 Cast: Ensorcelled Hiber |    14 |    20 |    18 ||    52
       Dazzling Spray    |     1 |       |     4 ||     5
       Confuse           |       |       |     7 ||     7
Invok: Shadow Step       |       |     1 |     1 ||     2
  Use: Potion            |     3 |       |     4 ||     7
 Stab: Sleeping          |     4 |    12 |    14 ||    30
  Eat: Bread ration      |       |       |     1 ||     1
